 Dungeon Crawl Stone Soup version 0.18.1-50-g88ac8fd (webtiles) character file.

4155 nikopol the Cleaver (level 10, -1/91 HPs)
             Began as a Hill Orc Berserker on Oct 22, 2016.
             Was an Elder of Trog.
             Slain by Erica
             ... wielding a +3 scimitar of flaming
              (5 damage)
             ... on level 8 of the Dungeon.
             The game lasted 00:26:03 (8095 turns).

nikopol the Cleaver (Hill Orc Berserker)            Turns: 8095, Time: 00:26:04

Health: -1/91      AC: 19    Str: 23    XL:     10   Next: 28%
Magic:  0/10       EV: 14    Int:  7    God:    Trog [****..]
Gold:   509        SH:  0    Dex: 14    Spells: 0 memorised, 9 levels left

rFire  . . .     SeeInvis .     a - +0 war axe
rCold  + + .     Gourm    .     H - +5 ring mail of Mauqeiga {rPois rC++}
rNeg   . . .     Faith    .     (no shield)
rPois  +         Spirit   +     x - +0 helmet
rElec  .         Dismiss  .     u - +1 cloak
rCorr  .         Reflect  .     i - +0 pair of gloves
SustAt .         Harm     .     v - +1 pair of boots
MR     .....                    l - amulet of guardian spirit
Stlth  +.........               (no ring)
                                j - +3 ring of dexterity

@: lethally poisoned (-1 -> -2), slowed, very slow, not resistant to hostile
enchantments, very unstealthy
A: no striking features
a: Berserk, Trog's Hand, Brothers in Arms, Burn Spellbooks, Renounce Religion


You were on level 8 of the Dungeon.
You worshipped Trog.
Trog was greatly pleased with you.
You were not hungry.

You visited 1 branch of the dungeon, and saw 8 of its levels.

You collected 509 gold pieces.

Inventory:

Hand Weapons
 a - a +0 war axe (weapon)
 K - a +0 hand axe
Missiles
 e - 122 arrows (quivered)
Armour
 i - a +0 pair of gloves (worn)
 u - a +1 cloak (worn)
 v - a +1 pair of boots (worn)
 w - a +0 scale mail of poison resistance
 x - a +0 helmet (worn)
 H - the +5 ring mail of Mauqeiga (worn) {rPois rC++}
   (You found it on level 6 of the Dungeon)

   It greatly protects you from cold.
   It protects you from poison.
Jewellery
 j - a +3 ring of dexterity (left hand)
 l - an amulet of guardian spirit (around neck)
 I - an uncursed amulet of rage {unknown}
 M - an uncursed ring of protection from cold {unknown}
Wands
 y - a wand of random effects (40/48)
Scrolls
 b - a scroll of blinking {unknown}
 f - 12 scrolls of identify {unknown}
 g - 3 scrolls of teleportation {unknown}
 o - 2 scrolls of enchant weapon {unknown}
 q - 2 scrolls of noise {unknown}
 r - a scroll of fog {unknown}
 s - 2 scrolls of immolation {unknown}
 t - a scroll of random uselessness {unknown}
 E - a scroll of enchant armour {unknown}
 G - 3 scrolls of remove curse {unknown}
 L - a scroll of fear {unknown}
Potions
 d - 7 potions of curing {unknown}
 h - a potion of lignification {unknown}
 k - 4 potions of heal wounds {unknown}
 n - 4 potions of degeneration {unknown}
 p - 2 potions of flight {unknown}
 z - 2 potions of haste {unknown}
 B - 3 potions of brilliance {unknown}
 C - a potion of agility {unknown}
 F - 2 potions of might {unknown}
 J - 3 potions of mutation {unknown}
Comestibles
 c - 7 bread rations
 m - 18 fruits
 D - 2 meat rations
 N - a beef jerky


   Skills:
 + Level 9.3 Fighting
 + Level 10.4 Axes
 + Level 8.4 Armour
 + Level 6.3 Dodging


You had 9 spell levels left.
You didn't know any spells.

Dungeon Overview and Level Annotations

Branches:
Dungeon (8/15)             Temple (0/1) D:6
   Lair: D:8-11

Altars:
Ashenzari
Cheibriados
Dithmenos
Fedhas
Kikubaaqudgha
Makhleb
Nemelex Xobeh
Okawaru
Pakellas
Qazlal
Ru
Sif Muna
Vehumet
Zin
The Shining One

Annotations:
D:2 Grinder
D:8 Erica


Message History

Erica is almost dead.
Erica barely misses you. Erica misses you.
You completely miss Erica.
Erica is almost dead.
Erica hits you but does no damage.
You hit Erica but do no damage.
Erica is severely wounded.
You feel sick. Erica hits you but does no damage.
You barely miss Erica.
Erica is severely wounded.
Erica points at you and mumbles some strange words.
You feel as though you will be slow longer.
Erica casts a spell at you. You resist with significant effort.
You barely miss Erica.
Erica is severely wounded.
Erica hits you with a scimitar of flaming!
* * * LOW HITPOINT WARNING * * *
Erica burns you.
You die...

#...###### #
###.#.### #
#(..#)..####### #
#.#####.......## #
#...#.....##...####
##..#.#............
#....#...##.<.####
#.#.###.####.## #
#@..# #......# #
#@.## ######.# #
#..# #.# # #..# #.#
# #..#########.# #
#............# #
#............#####
############......
#.#####


You could see Erica.

Vanquished Creatures
  The ghost of attackplan the Cleaver, a novice HOFi of Cheibriados (D:7)
  A gargoyle (D:8)
  Sigmund (D:2)
  A wyvern (D:6)
  Grum (D:8)
  A hungry ghost (D:7)
  2 hippogriffs
  Duvessa (D:6)
  2 ogres (D:4)
  An orc warrior (D:7)
  2 ice beasts
  A sky beast (D:7)
  2 phantoms (D:8)
  4 wolves (D:8)
  A giant frog (D:6)
  Dowan (D:6)
  2 scorpions (D:6)
  2 howler monkeys
  3 crimson imps
  6 hounds
  A giant frog zombie (D:4)
  2 jellies (D:8)
  3 centaur skeletons
  An orc priest (D:4)
  Crazy Yiuf (D:3)
  A giant frog skeleton (D:8)
  Ijyb (D:2)
  Terence (D:3)
  An iguana (D:4)
  Natasha (thrice) (D:3)
  An orc wizard (D:4)
  4 worker ants
  A hound skeleton (D:4)
  A worker ant zombie (D:6)
  7 adders
  3 gnolls (D:4)
  2 adder skeletons
  4 worms
  3 giant geckos
  12 orcs
  3 giant cockroaches
  15 goblins
  5 hobgoblins
  16 jackals
  9 kobolds
  3 quokkas (D:6)
  11 bats
  2 giant gecko skeletons
  A giant gecko zombie (D:4)
  4 giant newts
  A jackal skeleton (D:4)
  A jackal zombie (D:6)
  2 quokka skeletons
  3 rats
  2 fungi (D:3)
  A plant (D:2)
168 creatures vanquished.

Vanquished Creatures (others)
  A goblin (D:2)
1 creature vanquished.

Grand Total: 169 creatures vanquished

Notes
Turn   | Place    | Note
--------------------------------------------------------------
     0 | D:1      | nikopol the Hill Orc Berserker began the quest for the Orb.
     0 | D:1      | Reached XP level 1. HP: 19/19 MP: 1/1
    54 | D:1      | Reached XP level 2. HP: 27/27 MP: 2/2
   353 | D:1      | Found a sparkling altar of Nemelex Xobeh.
   368 | D:1      | Reached ** piety under Trog
   368 | D:1      | Reached XP level 3. HP: 20/33 MP: 3/3
  1179 | D:2      | Found an oddly glowing altar of Pakellas.
  1188 | D:2      | Found a glowing silver altar of Zin.
  1271 | D:2      | Found an iron altar of Okawaru.
  1297 | D:2      | Found a deep blue altar of Sif Muna.
  1405 | D:2      | Reached XP level 4. HP: 30/40 MP: 4/4
  1514 | D:2      | Noticed Ijyb
  1537 | D:2      | Killed Ijyb
  1682 | D:2      | Noticed Sigmund
  1695 | D:2      | Killed Sigmund
  1695 | D:2      | Reached skill level 5 in Fighting
  1695 | D:2      | Reached skill level 5 in Axes
  1695 | D:2      | Reached XP level 5. HP: 48/48 MP: 5/5
  1695 | D:2      | Reached XP level 6. HP: 56/56 MP: 6/6
  1900 | D:3      | Noticed Grinder
  1909 | D:3      | Paralysed by Grinder for 7 turns
  2030 | D:3      | Paralysed by Grinder for 2 turns
  2031 | D:3      | Noticed Natasha
  2062 | D:2      | Paralysed by Grinder for 6 turns
  2344 | D:3      | Killed Natasha
  2385 | D:3      | Noticed Natasha
  2398 | D:3      | Killed Natasha
  2465 | D:3      | Noticed Natasha
  2477 | D:3      | Killed Natasha
  2487 | D:3      | Reached *** piety under Trog
  2774 | D:3      | Found a faded altar to an unknown god.
  2815 | D:3      | Found a radiant altar of Vehumet.
  3206 | D:3      | Noticed Terence
  3218 | D:3      | Killed Terence
  3588 | D:3      | Found a glowing golden altar of the Shining One.
  3670 | D:3      | Noticed Crazy Yiuf
  3678 | D:3      | Killed Crazy Yiuf
  3678 | D:3      | Reached XP level 7. HP: 54/61 MP: 3/7
  3883 | D:4      | Reached skill level 6 in Axes
  4224 | D:4      | Found a blossoming altar of Fedhas.
  4238 | D:4      | Reached skill level 5 in Armour
  4304 | D:4      | Noticed a hippogriff
  4322 | D:4      | Killed a hippogriff
  4630 | D:4      | You fall through a shaft for 2 floors!
  4672 | D:6      | Noticed Duvessa
  4674 | D:6      | Noticed Dowan
  4685 | D:6      | Noticed a wyvern
  4687 | D:6      | Killed Duvessa
  4687 | D:6      | Reached **** piety under Trog
  4687 | D:6      | Reached XP level 8. HP: 71/71 MP: 8/8
  4693 | D:6      | Killed a wyvern
  4693 | D:6      | Reached skill level 7 in Axes
  4695 | D:6      | Killed Dowan
  4737 | D:5      | Entered Level 5 of the Dungeon
  5775 | D:5      | Reached skill level 8 in Axes
  5931 | D:6      | Found a staircase to the Ecumenical Temple.
  6193 | D:6      | Got a fine ring mail
  6204 | D:6      | Identified the +5 ring mail of Mauqeiga {rPois rC++} (You found it on level 6 of the Dungeon)
  6232 | D:6      | Reached XP level 9. HP: 79/79 MP: 9/9
  6339 | D:6      | Found a shadowy altar of Dithmenos.
  6339 | D:6      | Found an ancient bone altar of Kikubaaqudgha.
  6339 | D:6      | Found a sacrificial altar of Ru.
  6340 | D:6      | Found a burning altar of Makhleb.
  6340 | D:6      | Found a snail-covered altar of Cheibriados.
  6340 | D:6      | Found a shattered altar of Ashenzari.
  6720 | D:7      | Reached skill level 5 in Dodging
  6793 | D:7      | Noticed attackplan's ghost (novice HOFi)
  6821 | D:7      | Killed attackplan's ghost
  6821 | D:7      | Reached skill level 9 in Axes
  7424 | D:7      | Found a stormy altar of Qazlal.
  7636 | D:8      | Noticed Grum
  7647 | D:8      | Killed Grum
  7654 | D:8      | Reached XP level 10. HP: 90/90 MP: 10/10
  7712 | D:8      | Reached skill level 10 in Axes
  7906 | D:8      | Noticed a gargoyle
  7915 | D:8      | Killed a gargoyle
  8052 | D:8      | Noticed Erica
  8095 | D:8      | HP: 4/91 [Erica/scimitar of flaming (9)]
  8095 | D:8      | Slain by Erica

Skill      XL: |  1  2  3  4  5  6  7  8  9 10 |
---------------+-------------------------------+-----
Armour         | 3 4 5 6 8 |  8.4
Dodging        | 2 3 4 5 6 |  6.3
Fighting       | 4 5 6 7 8 9 |  9.3
Axes           | 5 6 8 9 10 | 10.4

Action                   |  1- 3 |  4- 6 |  7- 9 | 10-12 || total
-------------------------+-------+-------+-------+-------++-------
Melee: Hand axe          |   122 |   208 |   433 |       ||   763
       Unarmed           |       |     5 |       |       ||     5
       War axe           |       |       |    52 |   113 ||   165
Invok: Berserk           |     1 |     6 |     5 |       ||    12
       Burn Spellbooks   |       |       |       |     1 ||     1
 Stab: Sleeping          |     2 |       |       |       ||     2
  Eat: Chunk             |     2 |     7 |    16 |     3 ||    28
       Fruit             |       |     2 |     2 |       ||     4
       Meat ration       |       |     1 |     1 |       ||     2
       Beef jerky        |       |       |     1 |       ||     1
Armor: Animal skin       |    36 |       |       |       ||    36
       Ring mail         |       |     9 |    69 |    50 ||   128
       Scale mail        |       |    59 |   130 |       ||   189
Dodge: Dodged            |   132 |    81 |   281 |    65 ||   559
